NCAA
GEORGETOWN HOYAS @ CALIFORNIA GOLDEN BEARS
05/16/2023
 
TOP OF THE 1ST
Georgetown Hoyas batting - Pitching for California Golden Bears : RHP Juan Bonilla
Pitching: RHP Juan Bonilla
Batting: LHB Ken Bullard 0-0: Ball
1-0: Ball
2-0: Ball
3-0: Called Strike
3-1: Called Strike
3-2: Ground out 4-3 (Groundball, 4)
Batting: SHB Jeffrey MacNeill 0-0: Ball
1-0: SINGLE (Groundball, 4M)
Batting: RHB John Stewart 0-0: Called Strike
0-1: Ball
1-1: Ball
2-1: Called Strike
2-2: Strikes out swinging
Batting: LHB Alan McGilroy 0-0: 2-RUN HOME RUN (Flyball, 89XD), Distance : 385 ft
Batting: RHB Ron King 0-0: Fly out, F9 (Flyball, 9LM)
Top of the 1st over - 2 run(s), 2 hit(s), 0 error(s), 0 left on base; Georgetown 2 - California 0
BOTTOM OF THE 1ST
California Golden Bears batting - Pitching for Georgetown Hoyas : RHP Mike Schultz
Pitching: RHP Mike Schultz
Batting: RHB Albert Alemán 0-0: Ground out 6-3 (Groundball, 6)
Batting: RHB Júlio López 0-0: Called Strike
0-1: Foul Ball, location: 2F
0-2: Ball
1-2: Foul Ball, location: 2F
1-2: Fly out, F9 (Flyball, 89M)
Batting: LHB Sergio Fernández 0-0: Swinging Strike
0-1: Ball
1-1: Ball
2-1: Swinging Strike
2-2: Ball
3-2: Strikes out swinging
Bottom of the 1st over - 0 run(s), 0 hit(s), 0 error(s), 0 left on base; Georgetown 2 - California 0
TOP OF THE 2ND
Georgetown Hoyas batting - Pitching for California Golden Bears : RHP Juan Bonilla
Batting: RHB Gilberto Ferrer 0-0: Called Strike
0-1: Ball
1-1: Ball
2-1: Foul Ball, location: 2F
2-2: Foul Ball, location: 2F
2-2: Ball
3-2: Base on Balls
Batting: LHB Tim Rose 0-0: Ball
1-0: Called Strike
1-1: Ball
2-1: Called Strike
2-2: Ball
3-2: Ground out 6-3 (Groundball, 6M)
Gilberto Ferrer to second
Batting: SHB Emmett Kinch 0-0: Swinging Strike
0-1: Foul Ball, location: 2F
0-2: Foul Ball, location: 2F
0-2: Foul Ball, location: 2F
0-2: Strikes out swinging
Batting: SHB Edward Weber 0-0: Ball
1-0: Ball
Wild Pitch!
Gilberto Ferrer to third
2-0: Swinging Strike
2-1: Ball
3-1: Called Strike
3-2: Base on Balls
Batting: LHB Ken Bullard 0-0: Called Strike
0-1: Ball
1-1: Called Strike
1-2: SINGLE (Flyball, 9S)
Gilberto Ferrer scores
Edward Weber to second
Runner from 2nd tries for 3rd, SAFE, throw made to third
Batting: SHB Jeffrey MacNeill 0-0: Ball
1-0: SINGLE (Groundball, 56S) (infield hit)
Edward Weber scores
Ken Bullard to second
Batting: RHB John Stewart 0-0: Ball
1-0: Called Strike
1-1: Swinging Strike
1-2: Ball
2-2: Ground out 5-3 (Groundball, 5)
Top of the 2nd over - 2 run(s), 2 hit(s), 0 error(s), 2 left on base; Georgetown 4 - California 0
BOTTOM OF THE 2ND
California Golden Bears batting - Pitching for Georgetown Hoyas : RHP Mike Schultz
Batting: LHB António Costa 0-0: Called Strike
0-1: Swinging Strike
0-2: Ball
1-2: Hit by Pitch
Batting: SHB Chris Woods 0-0: Ball
1-0: Called Strike
1-1: Foul Ball, location: 2F
1-2: Strikes out swinging
Batting: RHB Dave Smith 0-0: Called Strike
0-1: Ball
1-1: Ball
2-1: Ground out 5-3 (Groundball, 5S)
António Costa to second
Batting: LHB Noah Gillespie 0-0: Ball
1-0: Called Strike
1-1: Ball
2-1: Ball
3-1: Base on Balls
Batting: SHB Jeff McGill 0-0: Swinging Strike
0-1: Ground out 5-3 (Groundball, 56S)
Bottom of the 2nd over - 0 run(s), 0 hit(s), 0 error(s), 2 left on base; Georgetown 4 - California 0
TOP OF THE 3RD
Georgetown Hoyas batting - Pitching for California Golden Bears : RHP Juan Bonilla
Batting: LHB Alan McGilroy 0-0: Ball
1-0: Called Strike
1-1: Called Strike
1-2: Strikes out looking
Batting: RHB Ron King 0-0: DOUBLE (Groundball, 5L)
Batting: RHB Gilberto Ferrer 0-0: Swinging Strike
0-1: Ball
1-1: Foul Ball, location: 2F
1-2: Ball
2-2: Ground out 5-3 (Groundball, 5S)
Ron King to third
Batting: LHB Tim Rose 0-0: Ball
1-0: Fly out, F8 (Flyball, 8RM)
Top of the 3rd over - 0 run(s), 1 hit(s), 0 error(s), 1 left on base; Georgetown 4 - California 0
BOTTOM OF THE 3RD
California Golden Bears batting - Pitching for Georgetown Hoyas : RHP Mike Schultz
Batting: RHB John Mason 0-0: Ball
1-0: Called Strike
1-1: SOLO HOME RUN (Flyball, 78XD), Distance : 364 ft
Batting: RHB Albert Alemán 0-0: Called Strike
0-1: Ball
1-1: Ball
2-1: Called Strike
2-2: Ground out 4-3 (Groundball, 4)
Batting: RHB Júlio López 0-0: Ball
1-0: Foul Ball, location: 2F
1-1: Foul Ball, location: 2F
1-2: Reached on error, E4 (Groundball, 4)
Batting: LHB Sergio Fernández 0-0: Ball
1-0: Called Strike
1-1: Swinging Strike
1-2: Ball
2-2: Foul Ball, location: 2F
2-2: Ball
3-2: Base on Balls
Batting: LHB António Costa 0-0: Ball
1-0: Called Strike
1-1: Called Strike
1-2: Foul Ball, location: 2F
1-2: Ball
2-2: Ball
3-2: Base on Balls
Júlio López to third
Sergio Fernández to second
Batting: SHB Chris Woods 0-0: Called Strike
0-1: Called Strike
0-2: Strikes out looking
Batting: RHB Dave Smith 0-0: Ball
1-0: Reached on error, E6 (Groundball, 6)
Júlio López scores
Sergio Fernández scores
António Costa to third
Batting: LHB Noah Gillespie 0-0: Ball
1-0: Called Strike
1-1: Foul Ball, location: 2F
1-2: Ball
2-2: Ball
3-2: Base on Balls
Batting: SHB Jeff McGill 0-0: Called Strike
0-1: Fly out, F7 (Flyball, 78M)
Bottom of the 3rd over - 3 run(s), 1 hit(s), 2 error(s), 3 left on base; Georgetown 4 - California 3
TOP OF THE 4TH
Georgetown Hoyas batting - Pitching for California Golden Bears : RHP Juan Bonilla
Batting: SHB Emmett Kinch 0-0: Foul Ball, location: 2F
0-1: Ball
1-1: Ball
2-1: Ball
3-1: Fly out, F9 (Flyball, 9M)
Batting: SHB Edward Weber 0-0: Ball
1-0: Ball
2-0: Ball
3-0: Called Strike
3-1: SINGLE (Line Drive, 78S)
Batting: LHB Ken Bullard 0-0: Fly out, F7 (Flyball, 7M)
Batting: SHB Jeffrey MacNeill 0-0: Called Strike
0-1: Foul Ball, location: 2F
0-2: Ball
1-2: SINGLE (Groundball, 6M)
Edward Weber to second
Batting: RHB John Stewart 0-0: Called Strike
0-1: Foul Ball, location: 2F
0-2: Ball
1-2: Strikes out looking
Top of the 4th over - 0 run(s), 2 hit(s), 0 error(s), 2 left on base; Georgetown 4 - California 3
BOTTOM OF THE 4TH
California Golden Bears batting - Pitching for Georgetown Hoyas : RHP Mike Schultz
Batting: RHB John Mason 0-0: Bunted foul
0-1: Ball
1-1: Fly out, F9 (Flyball, 89M)
Batting: RHB Albert Alemán 0-0: Called Strike
0-1: Ground out 5-3 (Groundball, 5L)
Batting: RHB Júlio López 0-0: Foul Ball, location: 2F
0-1: Ground out 4-3 (Groundball, 4)
Bottom of the 4th over - 0 run(s), 0 hit(s), 0 error(s), 0 left on base; Georgetown 4 - California 3
TOP OF THE 5TH
Georgetown Hoyas batting - Pitching for California Golden Bears : RHP Juan Bonilla
Pitching: RHP Charles Schneider
Batting: LHB Alan McGilroy 0-0: Ball
1-0: Ball
2-0: Ball
3-0: Base on Balls
Batting: RHB Ron King 0-0: SINGLE (Groundball, 56) (infield hit)
Alan McGilroy to second
Batting: RHB Gilberto Ferrer 0-0: Ball
1-0: SINGLE (Groundball, 56D)
Alan McGilroy to third
Ron King to second
Batting: LHB Tim Rose 0-0: Fly out, F5 (Popup, 25)
Batting: SHB Emmett Kinch 0-0: Ball
1-0: Ball
2-0: Called Strike
2-1: Ball
3-1: Base on Balls
Alan McGilroy scores
Ron King to third
Gilberto Ferrer to second
Batting: SHB Edward Weber 0-0: Ball
1-0: Fly out, F7 (Flyball, 7M)
Runner from 3rd tags up, SCORES, no throw
Batting: LHB Ken Bullard 0-0: Ball
1-0: SINGLE (Line Drive, 4D)
Gilberto Ferrer to third
Emmett Kinch to second
Runner from 3rd tries for Home, SAFE, no throw or cutoff
Batting: SHB Jeffrey MacNeill 0-0: Called Strike
0-1: Ball
1-1: Ball
2-1: Swinging Strike
2-2: Foul Ball, location: 2F
2-2: Ball
3-2: Strikes out swinging
Top of the 5th over - 3 run(s), 3 hit(s), 0 error(s), 2 left on base; Georgetown 7 - California 3
BOTTOM OF THE 5TH
California Golden Bears batting - Pitching for Georgetown Hoyas : RHP Mike Schultz
Batting: LHB Sergio Fernández 0-0: Ball
1-0: Foul Ball, location: 2F
1-1: Ball
2-1: Ball
3-1: Foul Ball, location: 2F
3-2: Ground out 3-1 (Groundball, 34S)
Pitching: RHP Jake Gilman
Batting: LHB António Costa 0-0: Foul Ball, location: 2F
0-1: Ground out 5-3 (Groundball, 5L)
Batting: SHB Chris Woods 0-0: Ball
1-0: Ball
2-0: Ball
3-0: Base on Balls
Batting: RHB Dave Smith 0-0: Ball
1-0: Called Strike
1-1: Ball
2-1: Ground out 6-3 (Groundball, 6)
Bottom of the 5th over - 0 run(s), 0 hit(s), 0 error(s), 1 left on base; Georgetown 7 - California 3
TOP OF THE 6TH
Georgetown Hoyas batting - Pitching for California Golden Bears : RHP Charles Schneider
Pitching: RHP Keith Unruh
Batting: RHB John Stewart 0-0: SINGLE (Line Drive, 7S)
Batting: LHB Alan McGilroy 0-0: Ball
1-0: Ball
2-0: Foul Ball, location: 2F
2-1: Ball
3-1: Foul Ball, location: 2F
3-2: Base on Balls
John Stewart to second
Batting: RHB Ron King 0-0: Ball
Wild Pitch!
John Stewart to third
Alan McGilroy to second
1-0: Intentional Walk
Batting: RHB Gilberto Ferrer 0-0: Grounds into double play, U4-3 (Groundball, 4)
John Stewart scores
Alan McGilroy to third
Batting: LHB Tim Rose 0-0: Ball
1-0: Foul Ball, location: 2F
1-1: Ball
2-1: Called Strike
2-2: Fly out, F8 (Popup, 6MD)
Top of the 6th over - 1 run(s), 1 hit(s), 0 error(s), 1 left on base; Georgetown 8 - California 3
BOTTOM OF THE 6TH
California Golden Bears batting - Pitching for Georgetown Hoyas : RHP Jake Gilman
Batting: LHB Noah Gillespie 0-0: Ball
1-0: Ball
2-0: Ball
3-0: Called Strike
3-1: Called Strike
3-2: Fly out, F8 (Line Drive, 8RM)
Batting: SHB Jeff McGill 0-0: Fly out, F4 (Popup, 4D)
Batting: RHB John Mason 0-0: Foul Ball, location: 2F
0-1: Called Strike
0-2: Ball
1-2: Ball
2-2: Ball
3-2: Base on Balls
Batting: RHB Albert Alemán 0-0: Ball
1-0: Ball
John Mason is caught stealing 2nd base
Bottom of the 6th over - 0 run(s), 0 hit(s), 0 error(s), 0 left on base; Georgetown 8 - California 3
TOP OF THE 7TH
Georgetown Hoyas batting - Pitching for California Golden Bears : RHP Keith Unruh
Batting: SHB Emmett Kinch 0-0: Ball
1-0: Called Strike
1-1: Foul Ball, location: 2F
1-2: Strikes out swinging
Batting: SHB Edward Weber 0-0: Called Strike
0-1: Foul Ball, location: 2F
0-2: Foul Ball, location: 2F
0-2: Foul Ball, location: 2F
0-2: Ball
1-2: Ball
2-2: Ground out 4-3 (Groundball, 4)
Batting: LHB Ken Bullard 0-0: Foul Ball, location: 2F
0-1: Called Strike
0-2: Ball
1-2: Strikes out swinging
Top of the 7th over - 0 run(s), 0 hit(s), 0 error(s), 0 left on base; Georgetown 8 - California 3
BOTTOM OF THE 7TH
California Golden Bears batting - Pitching for Georgetown Hoyas : RHP Jake Gilman
Batting: RHB Albert Alemán 0-0: Ball
1-0: Swinging Strike
1-1: Foul Ball, location: 2F
1-2: Foul Ball, location: 2F
1-2: Ball
2-2: Ball
3-2: Foul Ball, location: 2F
3-2: SOLO HOME RUN (Flyball, 78XD), Distance : 379 ft
Batting: RHB Júlio López 0-0: Fly out, F9 (Flyball, 9LS)
Pitching: RHP Rafael Reyes
Batting: LHB Sergio Fernández 0-0: Ball
1-0: Ball
2-0: Ball
3-0: Swinging Strike
3-1: Base on Balls
Batting: LHB António Costa 0-0: Ball
1-0: Ball
2-0: Ball
3-0: Base on Balls
Sergio Fernández to second
Batting: SHB Chris Woods 0-0: Ball
1-0: Fielders Choice at 2nd, 3-6 (Groundball, 3)
Sergio Fernández to third
Batting: RHB Dave Smith 0-0: Ball
1-0: Called Strike
1-1: Called Strike
1-2: Strikes out looking
Bottom of the 7th over - 1 run(s), 1 hit(s), 0 error(s), 2 left on base; Georgetown 8 - California 4
TOP OF THE 8TH
Georgetown Hoyas batting - Pitching for California Golden Bears : RHP Keith Unruh
Pitching: LHP Ben Newman
Batting: SHB Jeffrey MacNeill 0-0: Called Strike
0-1: Ball
1-1: Ground out 5-3 (Groundball, 15S)
Batting: RHB John Stewart 0-0: Ground out 5-3 (Groundball, 56)
Batting: LHB Alan McGilroy 0-0: Ball
1-0: Called Strike
1-1: Foul Ball, location: 2F
1-2: Strikes out swinging
Top of the 8th over - 0 run(s), 0 hit(s), 0 error(s), 0 left on base; Georgetown 8 - California 4
BOTTOM OF THE 8TH
California Golden Bears batting - Pitching for Georgetown Hoyas : RHP Rafael Reyes
Batting: LHB Noah Gillespie 0-0: Ball
1-0: Swinging Strike
1-1: Ball
2-1: Foul Ball, location: 2F
2-2: Strikes out swinging
Batting: SHB Jeff McGill 0-0: Foul Ball, location: 2F
0-1: Ball
1-1: Foul Ball, location: 2F
1-2: Foul Ball, location: 2F
1-2: Strikes out looking
Batting: RHB John Mason 0-0: Fly out, F3 (Popup, 3S)
Bottom of the 8th over - 0 run(s), 0 hit(s), 0 error(s), 0 left on base; Georgetown 8 - California 4
TOP OF THE 9TH
Georgetown Hoyas batting - Pitching for California Golden Bears : LHP Ben Newman
Batting: RHB Ron King 0-0: Ball
1-0: SINGLE (Line Drive, 9S)
Batting: RHB Gilberto Ferrer 0-0: Sac Bunt - play at first, batter OUT! 5-3
Ron King to second
Batting: LHB Tim Rose 0-0: Intentional Walk
Batting: SHB Emmett Kinch 0-0: Called Strike
0-1: Foul Ball, location: 2F
0-2: Ball
1-2: Ball
2-2: Strikes out looking
Batting: SHB Edward Weber 0-0: Called Strike
0-1: Ball
1-1: Called Strike
1-2: Ball
2-2: Ball
3-2: Base on Balls
Ron King to third
Tim Rose to second
Batting: LHB Ken Bullard 0-0: Ball
1-0: Ground out U3 (Groundball, 3)
Top of the 9th over - 0 run(s), 1 hit(s), 0 error(s), 3 left on base; Georgetown 8 - California 4
BOTTOM OF THE 9TH
California Golden Bears batting - Pitching for Georgetown Hoyas : RHP Rafael Reyes
Batting: RHB Albert Alemán 0-0: Reached on Error, E9 (Flyball, 9M)
Batting: RHB Júlio López 0-0: Ball
1-0: Called Strike
1-1: Ball
2-1: SINGLE (Line Drive, 89S)
Albert Alemán to second
Pitching: RHP Joe Morgan
Batting: LHB Sergio Fernández 0-0: Fly out, F4 (Line Drive, 4MD)
0-0: Lined into DP, U4 (Line Drive, 4MD)
Batting: LHB António Costa 0-0: Called Strike
0-1: Called Strike
0-2: Ball
1-2: Foul Ball, location: 2F
1-2: Strikes out looking
Bottom of the 9th over - 0 run(s), 1 hit(s), 1 error(s), 1 left on base; Georgetown 8 - California 4
This league is powered by Out of the Park Baseball, the baseball management simulation game for PC, Mac and Linux
Wednesday, December 2nd, 2015 - OOTP Baseball 16.8 Build 38